Map: Ascension to Aiur LE

Players

Nice

  • Race: Protoss Protoss
  • Spawn Location: 11:00

Lambo - Winner!

  • Race: Zerg Zerg
  • Spawn Location: 5:00

Event: WCS Montreal 2017

VOD

Have the link to the VOD?

Description

Time

  • Played on: Sept. 8, 2017, 2:22 p.m.
  • Length: 9:11

All games in this series

Show
View Real Time Build Order
Export as new Build Order

Nice Protoss 

Build Orders: 1 Gate Expand, Oracle Opening, Phoenix Opening 

Get SALT Encoding   

  12  0:01  Probe (Chrono Boost)  
  13  0:11  Probe (Chrono Boost)  
  14  0:17  Pylon  
  14  0:22  Probe (Chrono Boost)  
  16  0:35  Probe (Chrono Boost)  
  16  0:38  Gateway  
  16  0:46  Probe (Chrono Boost)  
  16  0:47  Assimilator  
  17  0:56  Probe (Chrono Boost)  
  18  1:07  Probe (Chrono Boost)  
  19  1:18  Probe (Chrono Boost)  
  20  1:24  Nexus  
  20  1:33  Cybernetics Core  
  20  1:36  Probe (Chrono Boost)  
  21  1:41  Assimilator  
  21  1:47  Probe (Chrono Boost)  
  21  1:51  Pylon  
  22  1:58  Probe (Chrono Boost)  
  23  2:09  Probe (Chrono Boost), Adept (Chrono Boost)  
  26  2:19  Stargate  
  26  2:21  Probe  
  27  2:33  Probe, Adept (Chrono Boost)  
  27  2:34  Probe  
  27  2:36  Warp Gate  
  31  2:45  Probe x2 (Chrono Boost)  
  33  2:52  Pylon  
  33  2:56  Probe (Chrono Boost)  
  33  2:57  Probe (Chrono Boost)  
  35  3:01  Oracle (Chrono Boost)  
  38  3:06  Probe  
  38  3:08  Probe  
  40  3:15  Adept  
  40  3:17  Probe  
  43  3:22  Gateway  
  43  3:26  Probe  
  44  3:27  Probe  
  44  3:33  Phoenix (Chrono Boost)  
  47  3:39  Probe  
  47  3:41  Probe  
  49  3:48  Nexus  
  49  3:50  Probe  
  49  3:53  Probe  
  51  3:56  Assimilator  
  51  3:59  Pylon  
  51  4:02  Probe  
  51  4:05  Probe  
  51  4:08  Assimilator  
  53  4:13  Probe  
  53  4:16  Stargate  
  54  4:20  Pylon  
  54  4:21  Oracle (Chrono Boost)  
  54  4:23  Probe x2  
  59  4:34  Probe, Pylon  
  59  4:35  Probe  
  61  4:44  Probe  
  61  4:48  Probe, Assimilator  
  61  4:52  Oracle (Chrono Boost)  
  66  4:53  Assimilator  
  66  4:55  Stargate, Probe  
  67  5:00  Probe  
  67  5:02  Probe  
  67  5:04  Oracle (Chrono Boost)  
  72  5:07  Probe  
  72  5:12  Probe x2  
  75  5:19  Probe  
  75  5:20  Pylon  
  76  5:23  Probe, Oracle (Chrono Boost)  
  76  5:24  Probe  
  79  5:31  Probe  
  79  5:32  Twilight Council  
  79  5:33  Probe  
  79  5:34  Forge  
  79  5:36  Probe, Gateway  
  80  5:43  Probe, Oracle (Chrono Boost)  
  80  5:48  Mothership Core  
  85  5:50  Probe  
  85  5:51  Pylon  
  85  5:54  Oracle (Chrono Boost)  
  85  5:55  Probe  
  85  5:57  Protoss Ground Weapons Level 1  
  91  6:01  Zealot x2  
  91  6:02  Probe  
  96  6:09  Charge (Chrono Boost)  
  96  6:14  Gateway  
  96  6:16  Gateway  
  96  6:21  Gateway x2  
  96  6:22  Gateway  
  96  6:30  Oracle  
  96  6:31  Oracle  
  96  6:32  Robotics Facility  
  102  6:40  Gateway  
  102  6:48  Zealot x3  
  108  6:59  Pylon  
  108  7:00  Pylon  
  108  7:05  Oracle  
  109  7:09  Pylon  
  109  7:11  Pylon  
  109  7:13  Pylon  
  109  7:14  Zealot, Oracle  
  109  7:15  Pylon  
  109  7:20  Templar Archives  
  112  7:25  Zealot x2  
  112  7:28  Zealot x4  
  124  7:32  Warp Prism (Chrono Boost)  
  124  7:36  Oracle  
  128  8:01  High Templar x5  
  128  8:02  High Templar  
  128  8:03  Zealot x2  
  144  8:06  Archon x2  
  144  8:07  Archon  
  144  8:15  Nexus  
  144  8:18  Pylon  
  143  8:24  Probe x3  
  143  8:25  Zealot x3  
  152  8:33  Pylon  
  152  8:34  High Templar x2  
  156  8:35  Pylon  
  156  8:36  Pylon  
  156  8:38  Archon  
  156  8:41  Zealot x3  
  162  8:42  Zealot  
  164  9:01  Zealot x6  
Show
View Real Time Build Order
Export as new Build Order

Lambo Zerg - Winner!

Build Orders: Hatch First 

Get SALT Encoding   

  12  0:01  Drone  
  13  0:13  Overlord  
  13  0:16  Drone  
  14  0:32  Drone x2  
  14  0:35  Drone  
  17  0:51  Hatchery  
  17  0:54  Drone  
  17  0:57  Drone  
  18  1:08  Extractor  
  17  1:12  Spawning Pool  
  17  1:15  Drone  
  17  1:18  Drone  
  18  1:29  Drone  
  19  1:40  Overlord  
  19  1:53  Drone  
  20  1:59  Queen  
  23  2:01  Zergling x2  
  23  2:02  Queen  
  23  2:03  Zergling x2  
  23  2:07  Metabolic Boost  
  26  2:12  Drone  
  26  2:14  Drone  
  28  2:26  Drone x2  
  30  2:39  Hatchery  
  30  2:41  Drone  
  30  2:45  Pneumatized Carapace  
  30  2:48  Drone  
  31  2:52  Overlord  
  31  2:56  Drone  
  32  3:10  Drone x4  
  36  3:13  Drone x2  
  36  3:17  Drone  
  36  3:19  Queen  
  39  3:23  Overlord  
  41  3:27  Drone x2  
  41  3:33  Spore Crawler  
  42  3:34  Spore Crawler  
  42  3:37  Evolution Chamber  
  42  3:38  Drone  
  41  3:45  Drone x2  
  41  3:46  Zergling x2  
  44  3:49  Zergling x8  
  44  3:54  Drone  
  49  3:59  Queen  
  51  4:07  Drone  
  51  4:08  Drone  
  53  4:11  Drone  
  53  4:14  Queen  
  53  4:15  Spore Crawler  
  53  4:16  Zerg Melee Weapons Level 1, Drone  
  55  4:19  Drone  
  55  4:22  Overlord  
  56  4:26  Drone  
  57  4:37  Overlord  
  57  4:57  Drone x3  
  57  4:58  Overlord  
  57  4:59  Overlord, Lair  
  60  5:00  Drone  
  60  5:01  Drone x2  
  60  5:03  Queen  
  60  5:06  Spore Crawler  
  64  5:09  Spore Crawler, Queen  
  64  5:13  Spore Crawler  
  64  5:16  Drone x3  
  64  5:17  Drone x3  
  64  5:20  Drone x3  
  64  5:21  Extractor  
  72  5:24  Drone  
  72  5:28  Overlord  
  72  5:31  Overlord, Drone x2  
  73  5:47  Extractor x2  
  73  5:48  Queen  
  73  5:50  Queen  
  73  5:51  Drone x7  
  73  5:52  Drone x3  
  85  5:57  Drone  
  85  6:01  Drone  
  85  6:03  Drone, Hydralisk Den, Infestation Pit  
  85  6:04  Drone x3  
  89  6:07  Extractor x2  
  87  6:13  Baneling Nest, Drone  
  87  6:14  Drone x2  
  89  6:23  Overlord  
  88  6:26  Queen  
  88  6:27  Zerg Missile Weapons Level 1  
  88  6:28  Spore Crawler  
  89  6:33  Zergling x2  
  89  6:37  Overlord  
  89  6:38  Muscular Augments  
  90  6:40  Overlord  
  90  6:44  Drone x6  
  95  6:48  Hydralisk  
  97  6:55  Queen  
  97  6:56  Infestor  
  97  6:57  Infestor  
  97  6:58  Zergling x6  
  97  6:59  Zergling x6  
  97  7:00  Spore Crawler  
  107  7:10  Hatchery  
  107  7:14  Overlord x2  
  106  7:17  Centrifical Hooks  
  106  7:20  Hydralisk  
  106  7:21  Spore Crawler  
  106  7:22  Overlord  
  104  7:23  Overlord  
  104  7:30  Overlord  
  104  7:35  Burrow  
  104  7:38  Hydralisk x5  
  104  7:41  Baneling  
  114  7:47  Hydralisk x2  
  118  7:52  Hydralisk x3  
  118  7:55  Zergling x2  
  118  7:56  Zergling x8  
  126  8:02  Hydralisk  
  128  8:07  Hydralisk x4  
  135  8:13  Hydralisk x2  
  137  8:21  Hydralisk  
  137  8:22  Hydralisk x2  
  143  8:33  Drone x4  
  147  8:38  Zergling x2, Hydralisk  
  147  8:39  Zergling x4  
  152  8:43  Overlord  
  152  8:44  Overseer  
  152  8:45  Spore Crawler x3  
  149  8:48  Baneling  
  149  8:49  Spore Crawler, Baneling x5  
  149  8:53  Baneling x4  
Tags
 
Add a new tag
Caveats
  • Supply blocks, unpowered buildings, or Contaminate may cause inaccurate times.
  • Supply counts are checked every 10 seconds.